 Dungeon Crawl Stone Soup version 0.19.1 (webtiles) character file.

90094 AAAAA the Bludgeoner (level 15, -15/115 HPs)
             Began as a Mummy Gladiator on Dec 5, 2016.
             Was an Initiate of Gozag.
             Demolished by an ettin
             ... wielding a +0 dire flail
              (37 damage)
             ... on level 14 of the Dungeon.
             The game lasted 01:05:31 (30549 turns).

AAAAA the Bludgeoner (Mummy Gladiator)             Turns: 30549, Time: 01:05:31

Health: -15/115    AC: 25    Str: 19    XL:     15   Next: 51%
Magic:  15/15      EV: 14    Int: 13    God:    Gozag
Gold:   4175       SH:  0    Dex: 18    Spells: 0 memorised, 14 levels left

rFire  + + .     SeeInvis .     b - +7 great mace "Firestarter" {inner flame, rF++}
rCold  + + .     Gourm    .     S - +4 plate armour
rNeg   + + +     Faith    .     (shield currently unavailable)
rPois  ∞         Spirit   .     n - +0 hat of Honour {Regen+ Int+5 Dex-3}
rElec  .         Reflect  .     P - +2 cloak {MR+}
rCorr  .         Harm     .     Y - +0 pair of gloves "Zamamasa" {rC+ Dex+3} (curse)
MR     ++...                    h - +0 pair of boots
Stlth  ..........               (no amulet)
                                O - ring of protection from fire
                                D - +2 ring of evasion

@: gold aura
A: no food or potions, fire vulnerability, cold resistance 1, negative energy
resistance 3, torment resistance, unbreathing, in touch with death 1
a: Potion Petition, Call Merchant, Bribe Branch, Renounce Religion


You were on level 14 of the Dungeon.
You worshipped Gozag.
Gozag was most pleased with you.
You were not hungry.

You visited 3 branches of the dungeon, and saw 21 of its levels.
You also visited: Bailey, Ice Cave and Volcano.

You collected 7953 gold pieces.
You spent 1992 gold pieces at shops.
You paid 1786 gold pieces to Gozag.

Inventory:

Hand Weapons
 a - a +2 whip of electrocution
 b - the +7 great mace "Firestarter" (weapon) {inner flame, rF++}
   (You bought it in a shop on level 10 of the Dungeon)

   It has been specially enchanted to burn those struck by it, causing extra
   injury to most foes and up to half again as much damage against particularly
   susceptible opponents.
   It greatly protects you from fire.
 u - a +0 blowgun
 N - a +2 scimitar of flaming
 R - the +12 great mace of Bauluf {flame, +Fly rPois Int+3 Stlth-}
   (You took it off a fire giant on level 13 of the Dungeon)

   It has been specially enchanted to burn those struck by it, causing extra
   injury to most foes and up to half again as much damage against particularly
   susceptible opponents.
   It affects your intelligence (+3).
   It protects you from poison.
   It lets you fly.
   It makes you less stealthy.
 X - a +0 dagger of venom
Missiles
 d - 3 throwing nets (quivered)
 t - 7 needles of sleeping
 z - 8 curare-tipped needles
 M - 39 poisoned needles
Armour
 h - a +0 pair of boots (worn)
 n - the +0 hat of Honour (worn) {Regen+ Int+5 Dex-3}
   (You acquired it on level 1 of the Lair of Beasts)

   It affects your intelligence (+5).
   It affects your dexterity (-3).
   It increases your rate of regeneration.
 P - a +2 cloak of magic resistance (worn)
 S - a +4 plate armour (worn)
 Y - the cursed +0 pair of gloves "Zamamasa" (worn) {rC+ Dex+3}
   (You found it on level 7 of the Dungeon)

   It affects your dexterity (+3).
   It protects you from cold.
   It has a curse placed upon it.
Jewellery
 f - the ring "Ojaxkyro" {+Inv MR+ MP+9}
   (You found it on level 2 of the Lair of Beasts)

   [ring of protection from magic]

   It affects your resistance to hostile enchantments.
   It affects your magic capacity (+9).
   It lets you turn invisible.
 k - a +3 ring of protection
 m - an uncursed ring of wizardry
 q - an uncursed ring of flight
 s - an uncursed ring of protection from cold
 x - a +3 ring of strength
 D - a +2 ring of evasion (left hand)
 J - an uncursed ring of ice
 L - the ring "Domoet" {*Tele MP-9 Int+7}
   (You took it off a big kobold on level 10 of the Dungeon)

   [ring of teleportation]

   It may teleport you next to monsters.
   It affects your intelligence (+7).
   It affects your magic capacity (-9).
 O - a ring of protection from fire (right hand)
 V - an uncursed ring of see invisible
Wands
 e - a wand of iceblast (6/15)
 l - a wand of teleportation (3/9)
 w - a wand of digging (3/24)
 A - a wand of digging (22/24)
 G - a wand of enslavement (18/24)
 Q - a wand of digging (10/24)
Scrolls
 c - a scroll of fear
 g - 3 scrolls of immolation
 i - a scroll of summoning
 j - a scroll of silence {unknown}
 o - 4 scrolls of recharging
 p - 5 scrolls of remove curse
 r - 2 scrolls of amnesia
 v - a scroll of enchant weapon
 y - 4 scrolls of enchant armour
 B - a scroll of blinking
 C - 2 scrolls of fog
 H - a scroll of vulnerability
 U - a scroll of brand weapon
 Z - 2 scrolls of magic mapping
Books
 K - a book of the Earth

   Spells                             Type                      Level
   a - Leda's Liquefaction            Hexes/Earth                  4
   b - Bolt of Magma                  Conjuration/Fire/Earth       5
   c - Statue Form                    Transmutation/Earth          6
   d - Iron Shot                      Conjuration/Earth            6
   e - Shatter                        Earth                        9
 T - a Fen Folio

   Spells                             Type                      Level
   a - Corpse Rot                     Necromancy                   2
   b - Stone Arrow                    Conjuration/Earth            3
   c - Leda's Liquefaction            Hexes/Earth                  4
   d - Summon Forest                  Summoning/Translocation      5
   e - Hydra Form                     Transmutation                6
   f - Summon Hydra                   Summoning                    7
Miscellaneous
 E - a disc of storms
 F - a lamp of fire
 I - a phantom mirror


   Skills:
 - Level 10.0 Fighting
 + Level 16.7 Maces & Flails
 - Level 1.5 Throwing
 - Level 10.2 Armour
 - Level 10.2 Dodging


You had 14 spell levels left.
You didn't know any spells.

Dungeon Overview and Level Annotations

Branches:
Dungeon (14/15)            Temple (1/1) D:4            Lair (6/6) D:10
 Shoals (0/4) Lair:3        Snake (0/4) Lair:4        Slime (0/5) Lair:6
    Orc (0/2) D:12         Vaults (0/5) D:13

Altars:
Ashenzari
Cheibriados
Dithmenos
Elyvilon
Fedhas
Gozag
Hepliaklqana
Kikubaaqudgha
Makhleb
Nemelex Xobeh
Okawaru
Qazlal
Ru
Sif Muna
Trog
Uskayaw
Vehumet
Xom
Yredelemnul
Zin
The Shining One

Shops:
D:10 (   D:12 ?   Lair:1 [

Portals:
Trove: D:11 (give +2 gold dragon scales)


Innate Abilities, Weirdness & Mutations

You do not eat or drink.
Your flesh is vulnerable to fire.
You are immune to poison.
Your flesh is cold resistant. (rC+)
You are immune to negative energy. (rN+++)
You are immune to unholy pain and torment.
You can survive without breathing.
You are in touch with the powers of death.


Message History

The ettin is no longer distracted by gold.
The ettin is severely wounded.
The ettin hits you with a dire flail!! The ettin barely misses you.
The efreet gestures at you. The bolt of fire misses you.
You barely miss the ettin.
The ettin is severely wounded.
The ettin hits you with a dire flail!!
* * * LOW HITPOINT WARNING * * *
The ettin barely misses you.
The efreet hits you with a scimitar of flaming.
* * * LOW HITPOINT WARNING * * *
You are too injured to fight recklessly!
Unknown command.
Unknown command.
You bludgeon the ettin!! You burn the ettin.
The ettin is almost dead.
The ettin hits you with a dire flail!!!
You die...
Your body crumbles into a pile of gold.

..#.# #.##.##.. #...##.......##
....#..##...##..#..............
....#.##.....##.#..............
.....##.......##...............
....##.........##§.............
....#...........#§.............
.)...)..........§..............
................R..............
................@..............
.................C.............
..$............................
...............................
...)(................##.......#
.).............................
.)...........#...............
##(........#.####.##......#
###(....#.....# ### ##.#..


You could see an ettin (inner flame) and an efreet.

Vanquished Creatures
  A tengu reaver (D:14)
  A fire giant (D:13)
  2 frost giants
  An orc warlord (D:14)
  A stone giant (D:13)
  A fire dragon (D:14)
  A yaktaur captain (D:14)
  Josephine (D:11)
  Erolcha (D:10)
  The ghost of Gargoyl the Cleaver, a journeyman DrAK of Lugonu (D:10)
  The ghost of TheSquall the Fencer, a journeyman MiFi of Okawaru (D:12)
  9 hydras
  A vault guard (D:13)
  2 centaur warriors
  Erica (D:10)
  7 death yaks
  Nergalle (Lair:2)
  Sonja (Lair:4)
  The ghost of Noshyer the Spear-Bearer, a novice MfGl (D:6)
  A salamander mystic (Volcano)
  2 unseen horrors
  A wizard (D:13)
  6 hill giants
  2 orc knights (Bailey)
  An ugly thing (D:12)
  A deep elf mage (D:13)
  A salamander (Volcano)
  4 manticores
  3 cyclopes
  3 elephants (Lair:5)
  6 black mambas
  Maurice (D:8)
  A siren (Lair:3)
  Joseph (D:10)
  4 gargoyles
  An ice statue (IceCv)
  6 spiny frogs
  A torpor snail (Lair:5)
  4 rime drakes
  6 komodo dragons
  An efreet (D:13)
  A kobold demonologist (D:14)
  17 polar bears (IceCv)
  A harpy zombie (D:14)
  A wind drake (shapeshifter) (D:13)
  A two-headed ogre (D:9)
  A polar bear (shapeshifter) (D:14)
  A merfolk (Lair:3)
  4 trolls
  16 blink frogs
  5 slime creatures (D:12)
  A dream sheep (Lair:6)
  A hornet (D:10)
  7 hippogriffs
  A redback (D:14)
  6 spriggans (Lair:1)
  A vampire (D:10)
  A redback (shapeshifter) (D:13)
  5 wraiths
  3 basilisks
  3 fire bats (D:13)
  64 yaks
  4 wyverns
  2 hungry ghosts
  A steam dragon (Lair:3)
  7 vampire mosquitoes
  A mottled dragon (D:14)
  3 nagas (Lair:4)
  3 soldier ants
  16 water moccasins
  A hell hound (Lair:6)
  9 porcupines
  2 necrophages
  4 sky beasts
  10 orc warriors
  3 black bears
  7 ice beasts
  An eye of draining (D:12)
  9 centaurs
  8 ogres
  37 wolves
  15 crocodiles
  6 big kobolds
  14 bullfrogs
  A wyvern zombie (D:10)
  A wyvern skeleton (D:12)
  14 killer bees
  14 wights
  An electric eel (Lair:5)
  5 howler monkeys
  7 crimson imps
  5 centaur zombies
  11 hounds
  11 orc priests
  2 bullfrog zombies
  5 centaur skeletons
  13 jellies
  16 orc wizards
  3 bullfrog skeletons
  12 worker ants
  5 iguanas
  A hound zombie (D:6)
  A hound skeleton (D:11)
  16 adders
  A gnoll (Bailey)
  A howler monkey skeleton (D:11)
  5 river rats (D:10)
  4 shadow imps
  9 oozes
  An adder zombie (D:5)
  2 adder skeletons (D:4)
  4 worms
  12 dart slugs
  6 leopard geckos
  49 orcs
  11 bats
  9 giant cockroaches
  9 goblins
  13 hobgoblins
  6 jackals
  4 quokkas
  A ball python (D:5)
  7 frilled lizards
  29 kobolds
  A leopard gecko skeleton (D:5)
  2 quokka skeletons
  7 rats
733 creatures vanquished.

Vanquished Creatures (others)
  6 fungi
  6 plants (D:10)
12 creatures vanquished.

Grand Total: 745 creatures vanquished

Notes
Turn   | Place    | Note
-------+----------+-------------------------------------------
     0 | D:1      | AAAAA the Mummy Gladiator began the quest for the Orb.
     0 | D:1      | Reached XP level 1. HP: 16/16 MP: 1/1
   272 | D:1      | Reached XP level 2. HP: 22/22 MP: 2/2
   275 | D:1      | Reached skill level 3 in Maces & Flails
   607 | D:1      | Reached XP level 3. HP: 27/27 MP: 3/3
  1511 | D:2      | Found a faded altar of an unknown god.
  1545 | D:2      | Reached skill level 4 in Maces & Flails
  1646 | D:2      | Reached XP level 4. HP: 19/33 MP: 4/4
  2224 | D:3      | Reached XP level 5. HP: 18/38 MP: 5/5
  2716 | D:3      | Reached skill level 5 in Maces & Flails
  3236 | D:4      | Reached XP level 6. HP: 41/44 MP: 6/6
  3255 | D:4      | Found a staircase to the Ecumenical Temple.
  3295 | Temple   | Entered the Ecumenical Temple
  3381 | Temple   | Became a worshipper of Gozag Ym Sagoz the Greedy
  3531 | D:4      | Reached skill level 6 in Maces & Flails
  4098 | D:5      | Entered Level 5 of the Dungeon
  4333 | D:5      | Reached XP level 7. HP: 49/50 MP: 7/7
  4433 | D:5      | Found a stormy altar of Qazlal.
  4524 | D:5      | Found a shadowy altar of Dithmenos.
  4970 | D:5      | Reached skill level 7 in Maces & Flails
  5540 | D:6      | Reached skill level 8 in Maces & Flails
  5550 | D:6      | Reached XP level 8. HP: 44/56 MP: 8/8
  5792 | D:6      | Noticed Noshyer's ghost (novice MfGl)
  6461 | D:6      | Killed Noshyer's ghost
  6461 | D:6      | Reached skill level 9 in Maces & Flails
  6649 | D:6      | Reached skill level 10 in Maces & Flails
  6909 | D:6      | Reached XP level 9. HP: 52/61 MP: 9/9
  7464 | D:6      | Found a sacrificial altar of Ru.
  7467 | D:6      | Found a snail-covered altar of Cheibriados.
  7470 | D:6      | Found a basalt altar of Yredelemnul.
  8302 | D:8      | Reached skill level 11 in Maces & Flails
  8330 | D:8      | Noticed Maurice
  8362 | D:8      | Killed Maurice
  9275 | D:8      | Reached skill level 12 in Maces & Flails
  9629 | D:9      | Reached XP level 10. HP: 39/69 MP: 10/10
 10663 | D:10     | Entered Level 10 of the Dungeon
 10688 | D:9      | Reached skill level 5 in Fighting
 10956 | D:10     | Reached skill level 1 in Armour
 11245 | D:10     | Found a staircase to the Lair.
 11339 | D:10     | Reached skill level 5 in Armour
 11412 | D:10     | Found Anomefy's Antique Weapon Shoppe.
 11413 | D:10     | Noticed Erolcha
 11421 | D:10     | Noticed Gargoyl's ghost (journeyman DrAK)
 12055 | D:10     | Killed Gargoyl's ghost
 12055 | D:10     | Reached XP level 11. HP: 69/81 MP: 11/11
 12097 | D:10     | Noticed a hill giant
 12151 | D:9      | HP: 1/81 [hill giant/giant spiked club (39)]
 13403 | D:10     | Noticed Joseph
 13426 | D:10     | Killed Joseph
 13542 | D:9      | Killed a hill giant
 13616 | D:10     | Noticed Erica
 13729 | D:10     | Killed Erolcha
 14057 | D:10     | Got a translucent pewter ring
 14360 | D:10     | Identified the ring "Domoet" {*Tele MP-9 Int+7} (You took it off a big kobold on level 10 of the Dungeon)
 14379 | D:10     | Killed Erica
 14684 | Lair:1   | Entered Level 1 of the Lair of Beasts
 14933 | D:10     | Killed an unseen horror
 15238 | Lair:1   | Reached skill level 10 in Armour
 15406 | Lair:1   | Identified a scroll of acquirement
 15408 | Lair:1   | Got a polished hat
 15419 | Lair:1   | Identified the +0 hat of Honour {Regen+ Int+5 Dex-3} (You acquired it on level 1 of the Lair of Beasts)
 15448 | Lair:1   | Bought a +0 cloak of magic resistance for 149 gold pieces
 15728 | Lair:1   | Reached XP level 12. HP: 54/88 MP: 12/12
 15878 | Lair:1   | Noticed a four-headed hydra
 15915 | Lair:1   | Killed a four-headed hydra
 16008 | Lair:1   | Reached skill level 5 in Dodging
 16710 | Lair:2   | Noticed Nergalle
 16743 | Lair:2   | Killed Nergalle
 17222 | Lair:2   | Noticed a five-headed hydra
 17246 | Lair:2   | Killed a five-headed hydra
 17777 | Lair:2   | Got a steaming jade ring
 17899 | Lair:2   | Identified the ring "Ojaxkyro" {+Inv MR+ MP+9} (You found it on level 2 of the Lair of Beasts)
 18387 | Lair:3   | Found a dark tunnel.
 18407 | Volcano  | Entered a volcano
 18717 | Volcano  | Found a bloodstained altar of Trog.
 19367 | Lair:3   | Found a staircase to the Shoals.
 19512 | Lair:4   | Noticed an eight-headed hydra
 19541 | Lair:3   | Killed an eight-headed hydra
 19541 | Lair:3   | Gained mutation: You are in touch with the powers of death. [Mummy growth]
 19541 | Lair:3   | Reached XP level 13. HP: 66/93 MP: 13/13
 19634 | Lair:4   | Noticed Sonja
 19646 | Lair:4   | Killed Sonja
 19662 | Lair:4   | Found a staircase to the Snake Pit.
 19719 | Lair:4   | Identified Jyezxik's Sophisticated Magic
 19732 | Lair:4   | Reached skill level 10 in Dodging
 21699 | Lair:6   | Entered Level 6 of the Lair of Beasts
 21711 | Lair:6   | Reached skill level 10 in Fighting
 21996 | Lair:6   | Found a staircase to the Slime Pits.
 22006 | Lair:6   | Found a frozen archway.
 22037 | IceCv    | Entered an ice cave
 23196 | IceCv    | Reached skill level 13 in Maces & Flails
 23196 | IceCv    | Reached XP level 14. HP: 72/110 MP: 14/14
 23405 | IceCv    | Noticed a frost giant
 23423 | IceCv    | Killed a frost giant
 23674 | Lair:6   | Noticed an acid blob
 24887 | Lair:5   | Reached skill level 14 in Maces & Flails
 25233 | D:10     | Bought the +7 great mace "Firestarter" {inner flame, rF++} for 1780 gold pieces
 25337 | D:11     | Noticed Josephine
 25350 | D:11     | Killed Josephine
 25506 | D:11     | Found a portal to a secret trove of treasure.
 26077 | D:7      | Got a pair of polished gloves
 26083 | D:7      | Identified the cursed +0 pair of gloves "Zamamasa" {rC+ Dex+3} (You found it on level 7 of the Dungeon)
 26412 | D:12     | Found a flagged portal.
 26506 | Bailey   | Entered a bailey
 26801 | D:12     | Found Efraseil's Magic Scroll Shoppe.
 26809 | D:12     | Bought a scroll of magic mapping for 63 gold pieces
 26811 | D:12     | Found a staircase to the Orcish Mines.
 26837 | D:12     | Noticed TheSquall's ghost (journeyman MiFi)
 26868 | D:12     | Killed TheSquall's ghost
 27185 | D:12     | Identified Jafoh's Tome of Transmutation and the Rocks
 27305 | D:12     | Reached skill level 15 in Maces & Flails
 27736 | D:13     | Noticed a fire giant
 27744 | D:13     | Killed a fire giant
 27885 | D:13     | Got the great mace of Bauluf {flame}
 27886 | D:13     | Identified the +12 great mace of Bauluf {flame, +Fly rPois Int+3 Stlth-} (You took it off a fire giant on level 13 of the Dungeon)
 28001 | D:13     | Found a snail-covered altar of Cheibriados.
 28069 | D:13     | Identified a -3 rod of ignition (10/10) (You found it on level 13 of the Dungeon)
 28138 | D:13     | Reached XP level 15. HP: 65/115 MP: 15/15
 28877 | D:13     | Found a gate to the Vaults.
 29034 | D:14     | Noticed a frost giant
 29034 | D:14     | Noticed an orc warlord
 29040 | D:14     | Noticed a tengu reaver
 29040 | D:14     | Killed an orc warlord
 29042 | D:14     | Reached skill level 16 in Maces & Flails
 29053 | D:14     | Killed a tengu reaver
 29800 | D:14     | Killed a frost giant
 30549 | D:14     | Demolished by an ettin

Skill      XL: |  1  2  3  4  5  6  7  8  9 10 11 12 13 14 15 |
---------------+----------------------------------------------+-----
Maces & Flails | 3 4 5 6 8 10 12 13 15 16 | 16.7
Fighting       | 6 10 | 10.0
Armour         | 6 10 | 10.2
Dodging        | 3 9 10 | 10.2
Throwing       | |  1.5

Action                   |  1- 3 |  4- 6 |  7- 9 | 10-12 | 13-15 || total
-------------------------+-------+-------+-------+-------+-------++-------
Melee: Flail             |   156 |   212 |    25 |       |       ||   393
       Dagger            |       |    83 |    56 |    76 |    10 ||   225
       Whip              |       |       |   384 |  1331 |  1294 ||  3009
       Great mace        |       |       |       |       |   479 ||   479
Throw: Throwing net      |       |       |       |     1 |       ||     1
Invok: Call Merchant     |       |       |       |     1 |       ||     1
       Potion Petition   |       |       |       |     3 |       ||     3
Evoke: Wand              |       |       |       |     8 |     8 ||    16
       Lamp of fire      |       |       |       |     1 |     1 ||     2
  Use: Scroll            |       |     5 |     5 |     9 |    12 ||    31
 Stab: Sleeping          |     1 |       |       |     1 |       ||     2
       Distracted        |       |       |       |     3 |     4 ||     7
       Confused          |       |       |       |     1 |       ||     1
       Paralysed         |       |       |       |    10 |     4 ||    14
Armor: Leather armour    |    73 |     8 |       |     1 |       ||    82
       Scale mail        |       |   108 |    83 |       |       ||   191
       Chain mail        |       |       |    35 |       |       ||    35
       Plate armour      |       |       |       |   541 |   940 ||  1481
Dodge: Dodged            |   110 |   172 |   122 |   411 |  1038 ||  1853
